 Dungeon Crawl Stone Soup version 0.22.1-1-ga44c0e5 (webtiles) character file.

100 Fang the Skirmisher (level 4, -1/29 HPs)
             Began as a Gargoyle Berserker on Oct 16, 2018.
             Was a Believer of Trog.
             Slain by a phantom (6 damage)
             ... on level 2 of the Dungeon.
             The game lasted 00:01:09 (944 turns).

Fang the Skirmisher (Gargoyle Berserker)             Turns: 944, Time: 00:01:10

Health: -1/29      AC:  5    Str: 22    XL:     4   Next: 73%
Magic:  4/4        EV: 12    Int:  7    God:    Trog [**....]
Gold:   74         SH:  0    Dex:  9    Spells: 3/3 levels left

rFire    . . .     SeeInvis .   g - +0 hand axe (elec)
rCold    . . .     Gourm    .   (no shield)
rNeg     + . .     Faith    .   b - +0 animal skin
rPois    ∞         Spirit   .   (no helmet)
rElec    +         Reflect  .   (no cloak)
rCorr    .         Harm     .   (no gloves)
MR       .....                  (no boots)
Stlth    +.........             (no amulet)
HPRegen  0.09/turn              (no ring)
MPRegen  0.09/turn              (no ring)

@: berserk cooldown, slowed, very slow
A: negative energy resistance 1, electricity resistance, unbreathing,
petrification resistance, rot immunity, AC +3
a: Berserk, Trog's Hand, Renounce Religion


You were on level 2 of the Dungeon.
You worshipped Trog.
Trog was pleased with you.
You were hungry.

You visited 1 branch of the dungeon, and saw 2 of its levels.

You collected 74 gold pieces.

Inventory:

Hand Weapons
 a - a +0 hand axe
 g - a +0 hand axe of electrocution (weapon)
Armour
 b - a +0 animal skin (worn)
Scrolls
 d - a scroll of teleportation {unknown}
 e - a scroll of immolation {unknown}
 f - a scroll of remove curse {unknown}
 h - 2 scrolls of identify {unknown}
Potions
 i - a potion of curing {unknown}
 j - a potion of mutation {unknown}
Comestibles
 c - 3 rations
 k - 2 chunks of flesh


   Skills:
 + Level 4.0 Fighting
 + Level 3.8 Axes
 + Level 2.3 Armour
 + Level 2.3 Dodging
 + Level 0.3 Stealth


You had 3 spell levels left.
You didn't know any spells.
Your spell library was empty.

Dungeon Overview and Level Annotations

Branches:
Dungeon (2/15)

Altars:


Innate Abilities, Weirdness & Mutations

You are resistant to torment.
Your stone body is resilient. (AC +3)
You are immune to poison.
You resist negative energy. (rN+)
You are resistant to electric shocks. (rElec)
You can survive without breathing.
You are immune to petrification.
You are immune to rotting.


Message History

Items here: ( ))))) †† The phantom blinks!
The phantom closely misses you. The phantom hits you.
You barely miss the phantom.
The phantom is moderately damaged.
The phantom completely misses you. The phantom closely misses you.
You barely miss the phantom.
The phantom is moderately damaged.
The phantom hits you.
* * * LOW HITPOINT WARNING * * *
Unknown command.
You hit the phantom.
The phantom is heavily damaged.
The phantom barely misses you. The phantom hits you.
* * * LOW HITPOINT WARNING * * *
Unknown command.
You miss the phantom.
The phantom is heavily damaged.
The phantom hits you.
You die...

.......# #8...8#
#.# .......#
##...## ##.#
.......#
#...#### #..#
.......#
##...##.####.##
..##.### #
#8...8#.$....#
.## .#
#.##...##..#####
###........)>#
...........).#
#..W@...))#
............##
####.........#
#.........#
#..........#
............#
####.........#
##.......##


You could see a phantom.

Vanquished Creatures
  Natasha (D:2)
  Robin (D:2)
  2 adders (D:2)
  A worm (D:2)
  2 giant cockroaches (D:1)
  11 goblins
  3 hobgoblins
  8 jackals
  A kobold (D:1)
  5 bats (D:1)
  2 frilled lizards (D:2)
  3 rats
40 creatures vanquished.

Notes
Turn   | Place    | Note
-------+----------+-------------------------------------------
     0 | D:1      | Fang the Gargoyle Berserker began the quest for the Orb.
     0 | D:1      | Reached XP level 1. HP: 14/14 MP: 1/1
   252 | D:1      | Reached XP level 2. HP: 9/19 MP: 2/2
   814 | D:2      | Noticed Natasha
   818 | D:2      | Killed Natasha
   818 | D:2      | Reached XP level 3. HP: 24/24 MP: 3/3
   824 | D:2      | Reached XP level 4. HP: 29/29 MP: 4/4
   905 | D:2      | Noticed a phantom
   914 | D:2      | Reached ** piety under Trog
   916 | D:2      | Noticed Robin
   928 | D:2      | Reached skill level 4 in Fighting
   933 | D:2      | Killed Robin
   944 | D:2      | Slain by a phantom

Skill      XL: |  1  2  3  4 |
---------------+-------------+-----
Axes           | 3 |  3.8
Dodging        | 2 |  2.3
Fighting       | 4 |  4.0
Armour         | |  2.3
Stealth        | |  0.3

Action                   |  1- 3 |  4- 6 || total
-------------------------+-------+-------++-------
Melee: Hand axe          |    56 |    35 ||    91
Invok: Berserk           |     2 |     1 ||     3
  Eat: Chunk             |       |     2 ||     2
Armor: Animal skin       |    37 |    12 ||    49
Dodge: Dodged            |    62 |    24 ||    86
